| TOP OF THE 1ST |
|
Hickory Crawdads batting - Pitching for Lansing Lugnuts : RHP Takehide Tanaka
|
|
Pitching: RHP Takehide Tanaka
|
|
|
Batting: RHB Roberto Rodriguez
|
0-0: Called Strike 0-1: Swinging Strike 0-2: Ball 1-2: Strikes out swinging
|
|
Batting: RHB Jose Pineda
|
0-0: Fly out, F9 (Flyball, 9S, EV 75.6 MPH)
|
|
Batting: LHB Yasahiko Teshima
|
0-0: Ball 1-0: Called Strike 1-1: Foul Ball, location: 2F 1-2: Ball 2-2: Ball 3-2: Strikes out swinging
|
| Top of the 1st over - 0 runs, 0 hits, 0 errors, 0 left on base; Hickory 0 - Lansing 0 |
| BOTTOM OF THE 1ST |
|
Lansing Lugnuts batting - Pitching for Hickory Crawdads : LHP Chris P. Bacon
|
|
Pitching: LHP Chris P. Bacon
|
|
|
Batting: RHB Brian Manson
|
0-0: Ball 1-0: Ball 2-0: Fly out, F4 (Line Drive, 4, EV 68.1 MPH)
|
|
Batting: RHB Dylan Phillips
|
0-0: Called Strike 0-1: Fly out, F3 (Popup, 3F, EV 73.8 MPH)
|
|
Batting: RHB Freddy Quintero
|
0-0: Fly out, F3 (Popup, 3SF, EV 73.8 MPH)
|
| Bottom of the 1st over - 0 runs, 0 hits, 0 errors, 0 left on base; Hickory 0 - Lansing 0 |
| TOP OF THE 2ND |
|
Hickory Crawdads batting - Pitching for Lansing Lugnuts : RHP Takehide Tanaka
|
|
Batting: RHB Melvin Gomez
|
0-0: Ball 1-0: Called Strike 1-1: Foul Ball, location: 2F 1-2: Strikes out looking
|
|
Batting: RHB Aaron Graham
|
0-0: Called Strike 0-1: DOUBLE (Flyball, 8LXD, EV 108.8 MPH)
|
|
Batting: LHB Caleb Domino
|
0-0: Called Strike 0-1: Fly out, F8 (Flyball, 8LD, EV 73.1 MPH) Runner from 2nd tags up, SAFE at 3rd with throw by CF
|
|
Batting: RHB Dennis Daniels
|
0-0: Called Strike 0-1: Ball 1-1: Foul Ball, location: 2F 1-2: Fly out, F4 (Line Drive, 4MD, EV 76.2 MPH)
|
| Top of the 2nd over - 0 runs, 1 hit, 0 errors, 1 left on base; Hickory 0 - Lansing 0 |
| BOTTOM OF THE 2ND |
|
Lansing Lugnuts batting - Pitching for Hickory Crawdads : LHP Chris P. Bacon
|
|
Batting: RHB Javier Garcia
|
0-0: Ball 1-0: Foul Ball, location: 2F 1-1: Ball 2-1: Ground out 5-3 (Groundball, 5S, EV 88.8 MPH)
|
|
Batting: RHB Norm Mercer
|
0-0: Ball 1-0: Ball 2-0: Ground out 5-3 (Groundball, 56, EV 93.1 MPH)
|
|
Batting: RHB Ricky Carbajal
|
0-0: Ball 1-0: Foul Ball, location: 2F 1-1: Swinging Strike 1-2: Strikes out looking
|
| Bottom of the 2nd over - 0 runs, 0 hits, 0 errors, 0 left on base; Hickory 0 - Lansing 0 |
| TOP OF THE 3RD |
|
Hickory Crawdads batting - Pitching for Lansing Lugnuts : RHP Takehide Tanaka
|
|
Batting: RHB Cesar Martinez
|
0-0: Ball 1-0: Ball 2-0: Foul Ball, location: 2F 2-1: Foul Ball, location: 2F 2-2: Strikes out swinging
|
|
Batting: RHB Edwin Soto
|
0-0: Called Strike 0-1: Called Strike 0-2: Ground out 6-3 (Groundball, 6, EV 77.5 MPH)
|
|
Batting: RHB Roberto Rodriguez
|
0-0: Ball 1-0: Swinging Strike 1-1: Swinging Strike 1-2: Hit by Pitch
|
|
Batting: RHB Jose Pineda
|
0-0: Ball 1-0: Ball 2-0: Ball 3-0: Called Strike 3-1: Base on Balls Roberto Rodriguez to second
|
|
Batting: LHB Yasahiko Teshima
|
0-0: Ball 1-0: Swinging Strike 1-1: SINGLE (Groundball, 6MS, EV 67.5 MPH) (infield hit) Roberto Rodriguez to third Jose Pineda to second
|
|
Batting: RHB Melvin Gomez
|
0-0: Foul Ball, location: 2F 0-1: Fly out, F7 (Line Drive, 7, EV 98.1 MPH)
|
| Top of the 3rd over - 0 runs, 1 hit, 0 errors, 3 left on base; Hickory 0 - Lansing 0 |
| BOTTOM OF THE 3RD |
|
Lansing Lugnuts batting - Pitching for Hickory Crawdads : LHP Chris P. Bacon
|
|
Batting: LHB Tso-lin Fen
|
0-0: Ground out 4-3 (Groundball, 34D, EV 100.6 MPH)
|
|
Batting: RHB Gary Wilson
|
0-0: Ball 1-0: DOUBLE (Line Drive, 7LM, EV 105.0 MPH)
|
|
Batting: RHB David Cooper
|
0-0: Called Strike 0-1: Ball 1-1: Ground out 5-3 (Groundball, 5S, EV 83.1 MPH)
|
|
Batting: RHB Brian Manson
|
0-0: Foul Ball, location: 2F 0-1: Foul Ball, location: 2F 0-2: Strikes out swinging
|
| Bottom of the 3rd over - 0 runs, 1 hit, 0 errors, 1 left on base; Hickory 0 - Lansing 0 |
| TOP OF THE 4TH |
|
Hickory Crawdads batting - Pitching for Lansing Lugnuts : RHP Takehide Tanaka
|
|
Batting: RHB Aaron Graham
|
0-0: Ball 1-0: Ball 2-0: Called Strike 2-1: Called Strike 2-2: Strikes out looking
|
|
Batting: LHB Caleb Domino
|
0-0: Ball 1-0: Foul Ball, location: 2F 1-1: Ball 2-1: Foul Ball, location: 2F 2-2: Ball 3-2: Ground out 6-3 (Groundball, 6, EV 86.9 MPH)
|
|
Batting: RHB Dennis Daniels
|
0-0: Called Strike 0-1: Ball 1-1: SINGLE (Line Drive, 78S, EV 105.0 MPH)
|
|
Batting: RHB Cesar Martinez
|
0-0: Called Strike 0-1: Called Strike 0-2: Ball 1-2: Foul Ball, location: 2F 1-2: Strikes out looking
|
| Top of the 4th over - 0 runs, 1 hit, 0 errors, 1 left on base; Hickory 0 - Lansing 0 |
| BOTTOM OF THE 4TH |
|
Lansing Lugnuts batting - Pitching for Hickory Crawdads : LHP Chris P. Bacon
|
|
Batting: RHB Dylan Phillips
|
0-0: Called Strike 0-1: Ground out 1-3 (Groundball, 34S, EV 72.5 MPH)
|
|
Batting: RHB Freddy Quintero
|
0-0: Foul Ball, location: 2F 0-1: Ground out 4-3 (Groundball, 4M, EV 101.2 MPH)
|
|
Batting: RHB Javier Garcia
|
0-0: Called Strike 0-1: Foul Ball, location: 2F 0-2: Ball 1-2: Ball 2-2: Foul Ball, location: 2F 2-2: Strikes out swinging
|
| Bottom of the 4th over - 0 runs, 0 hits, 0 errors, 0 left on base; Hickory 0 - Lansing 0 |
| TOP OF THE 5TH |
|
Hickory Crawdads batting - Pitching for Lansing Lugnuts : RHP Takehide Tanaka
|
|
Batting: RHB Edwin Soto
|
0-0: Called Strike 0-1: Ball 1-1: Ball 2-1: Ground out 5-3 (Groundball, 56, EV 83.8 MPH)
|
|
Batting: RHB Roberto Rodriguez
|
0-0: Called Strike 0-1: Ball 1-1: SINGLE (Line Drive, 9S, EV 99.4 MPH)
|
|
Batting: RHB Jose Pineda
|
0-0: Ball 1-0: Ball Roberto Rodriguez steals 2nd base 2-0: Called Strike 2-1: SINGLE (Groundball, 5S, EV 69.4 MPH) (infield hit) Roberto Rodriguez to third
|
|
Batting: LHB Yasahiko Teshima
|
0-0: Called Strike 0-1: Ball 1-1: Ball 2-1: Ball 3-1: Called Strike 3-2: Foul Ball, location: 2F 3-2: Base on Balls Jose Pineda to second
|
|
Batting: RHB Melvin Gomez
|
0-0: Ball 1-0: Swinging Strike 1-1: Grounds into double play, 5-4-3 (Groundball, 56, EV 100.0 MPH)
|
| Top of the 5th over - 0 runs, 2 hits, 0 errors, 2 left on base; Hickory 0 - Lansing 0 |
| BOTTOM OF THE 5TH |
|
Lansing Lugnuts batting - Pitching for Hickory Crawdads : LHP Chris P. Bacon
|
|
Batting: RHB Norm Mercer
|
0-0: Called Strike 0-1: Ball 1-1: Foul Ball, location: 2F 1-2: Foul Ball, location: 2F 1-2: Strikes out swinging
|
|
Batting: RHB Ricky Carbajal
|
0-0: Reached on error, E4 (Groundball, 34, EV 86.9 MPH)
|
|
Batting: LHB Tso-lin Fen
|
0-0: Ball 1-0: Called Strike 1-1: Ball Ricky Carbajal steals 2nd base 2-1: Ground out 6-3 (Groundball, 4MD, EV 100.6 MPH) Ricky Carbajal to third
|
|
Batting: RHB Gary Wilson
|
0-0: Ball 1-0: Foul Ball, location: 2F 1-1: SINGLE (Groundball, 56D, EV 95.0 MPH) Ricky Carbajal scores
|
|
Batting: RHB David Cooper
|
0-0: Foul Ball, location: 2F 0-1: Ball 1-1: Fielders Choice at 2nd, 6-4 (Groundball, 6, EV 83.8 MPH)
|
| Bottom of the 5th over - 1 run, 1 hit, 1 error, 1 left on base; Hickory 0 - Lansing 1 |
| TOP OF THE 6TH |
|
Hickory Crawdads batting - Pitching for Lansing Lugnuts : RHP Takehide Tanaka
|
|
Batting: RHB Aaron Graham
|
0-0: Swinging Strike 0-1: Fly out, F5 (Line Drive, 5L, EV 65.6 MPH)
|
|
Batting: LHB Caleb Domino
|
0-0: Swinging Strike 0-1: Ball 1-1: Foul Ball, location: 2F 1-2: Ball 2-2: SOLO HOME RUN (Line Drive, 9D, EV 105.0 MPH), Distance : 394 ft
|
|
Batting: RHB Dennis Daniels
|
0-0: Hit by Pitch
|
|
Batting: RHB Cesar Martinez
|
0-0: Ball 1-0: Ball 2-0: Foul Ball, location: 2F 2-1: Ball 3-1: Called Strike 3-2: Base on Balls Dennis Daniels to second
|
|
Batting: RHB Edwin Soto
|
0-0: Ball 1-0: Ball 2-0: Ball Dennis Daniels steals 3rd base Cesar Martinez to second 3-0: Base on Balls
|
|
Batting: RHB Roberto Rodriguez
|
0-0: Called Strike 0-1: Called Strike 0-2: Foul Ball, location: 2F 0-2: Foul Ball, location: 2F 0-2: Ball 1-2: Foul Ball, location: 2F 1-2: Foul Ball, location: 2F 1-2: Ball 2-2: Fly out, F8 (Flyball, 8LM, EV 91.9 MPH) Runner from 3rd tags up, OUT at HOME! 8-2
|
| Top of the 6th over - 1 run, 1 hit, 0 errors, 2 left on base; Hickory 1 - Lansing 1 |
| BOTTOM OF THE 6TH |
|
Lansing Lugnuts batting - Pitching for Hickory Crawdads : LHP Chris P. Bacon
|
|
Batting: RHB Brian Manson
|
0-0: Ground out 1-3 (Groundball, 25, EV 65.6 MPH)
|
|
Batting: RHB Dylan Phillips
|
0-0: Foul Ball, location: 2F 0-1: Foul Ball, location: 2F 0-2: Foul Ball, location: 2F 0-2: Ball 1-2: Ball 2-2: Foul Ball, location: 2F 2-2: Foul Ball, location: 2F 2-2: Ball 3-2: Ground out 4-3 (Groundball, 4M, EV 114.4 MPH)
|
|
Batting: RHB Freddy Quintero
|
0-0: Called Strike 0-1: Ball 1-1: Foul Ball, location: 2F 1-2: Foul Ball, location: 2F 1-2: Foul Ball, location: 2F 1-2: Ball 2-2: SINGLE (Groundball, 34D, EV 105.0 MPH)
|
|
Batting: RHB Javier Garcia
|
0-0: Ball 1-0: Ball 2-0: Ball 3-0: Called Strike 3-1: Foul Ball, location: 2F 3-2: Fly out, F9 (Flyball, 8RM, EV 85.0 MPH)
|
| Bottom of the 6th over - 0 runs, 1 hit, 0 errors, 1 left on base; Hickory 1 - Lansing 1 |
| TOP OF THE 7TH |
|
Hickory Crawdads batting - Pitching for Lansing Lugnuts : RHP Takehide Tanaka
|
|
Pitching: LHP Josh Black
|
|
|
Batting: RHB Jose Pineda
|
0-0: Ball 1-0: Ball 2-0: Fly out, F9 (Flyball, 9, EV 99.4 MPH)
|
|
Pinch Hitting: RHB Luis Reyna
|
0-0: Called Strike 0-1: Called Strike 0-2: Ball 1-2: Ball 2-2: Ball 3-2: Ground out 5-3 (Groundball, 56, EV 101.2 MPH)
|
|
Batting: RHB Melvin Gomez
|
0-0: Fly out, F8 (Flyball, 8LS, EV 81.2 MPH)
|
| Top of the 7th over - 0 runs, 0 hits, 0 errors, 0 left on base; Hickory 1 - Lansing 1 |
| BOTTOM OF THE 7TH |
|
Lansing Lugnuts batting - Pitching for Hickory Crawdads : LHP Chris P. Bacon
|
|
Now at 1B: Luis Reyna
|
|
|
Batting: RHB Norm Mercer
|
0-0: Ball 1-0: Foul Ball, location: 2F 1-1: Ball 2-1: Ground out U3 (Groundball, 34, EV 82.5 MPH)
|
|
Batting: RHB Ricky Carbajal
|
0-0: Called Strike 0-1: Swinging Strike 0-2: Strikes out swinging
|
|
Batting: LHB Tso-lin Fen
|
0-0: Ground out 1-3 (Groundball, 15, EV 70.0 MPH)
|
| Bottom of the 7th over - 0 runs, 0 hits, 0 errors, 0 left on base; Hickory 1 - Lansing 1 |
| TOP OF THE 8TH |
|
Hickory Crawdads batting - Pitching for Lansing Lugnuts : LHP Josh Black
|
|
Batting: RHB Aaron Graham
|
0-0: Ball 1-0: Called Strike 1-1: Foul Ball, location: 2F 1-2: Strikes out swinging
|
|
Pinch Hitting: RHB Kevin Whitenack
|
0-0: Called Strike 0-1: Ball 1-1: Ball 2-1: Ball 3-1: Called Strike 3-2: Strikes out swinging
|
|
Batting: RHB Dennis Daniels
|
0-0: Ball 1-0: Called Strike 1-1: Fly out, F7 (Line Drive, 7LS, EV 91.2 MPH)
|
| Top of the 8th over - 0 runs, 0 hits, 0 errors, 0 left on base; Hickory 1 - Lansing 1 |
| BOTTOM OF THE 8TH |
|
Lansing Lugnuts batting - Pitching for Hickory Crawdads : LHP Chris P. Bacon
|
|
Now at 1B: Kevin Whitenack
|
|
|
Now in LF: Luis Reyna
|
|
|
Batting: RHB Gary Wilson
|
0-0: Ball 1-0: Swinging Strike 1-1: Ball 2-1: Ground out 4-3 (Groundball, 4S, EV 83.1 MPH)
|
|
Batting: RHB David Cooper
|
0-0: Called Strike 0-1: Ground out 6-3 (Groundball, 6, EV 88.1 MPH)
|
|
Batting: RHB Brian Manson
|
0-0: Called Strike 0-1: Foul Ball, location: 2F 0-2: Ball 1-2: Ground out 6-3 (Groundball, 6, EV 86.2 MPH)
|
| Bottom of the 8th over - 0 runs, 0 hits, 0 errors, 0 left on base; Hickory 1 - Lansing 1 |
| TOP OF THE 9TH |
|
Hickory Crawdads batting - Pitching for Lansing Lugnuts : LHP Josh Black
|
|
DELAY
|
Rain delay of 25 minutes in the 9th inning.
|
|
Batting: RHB Cesar Martinez
|
0-0: Foul Ball, location: 2F 0-1: Ball 1-1: Ground out U3 (Groundball, 34, EV 82.5 MPH)
|
|
Batting: RHB Edwin Soto
|
0-0: Called Strike 0-1: Called Strike 0-2: Ball 1-2: Fly out, F3 (Popup, 3F, EV 63.8 MPH)
|
|
Batting: RHB Roberto Rodriguez
|
0-0: Fly out, F8 (Flyball, 8RD, EV 93.1 MPH)
|
| Top of the 9th over - 0 runs, 0 hits, 0 errors, 0 left on base; Hickory 1 - Lansing 1 |
| BOTTOM OF THE 9TH |
|
Lansing Lugnuts batting - Pitching for Hickory Crawdads : LHP Chris P. Bacon
|
|
Batting: RHB Dylan Phillips
|
0-0: Ball 1-0: Ball 2-0: Ball 3-0: Base on Balls
|
|
Pitching: RHP Victor Benitez
|
|
|
Batting: LHB Roger Escareno
|
0-0: Called Strike 0-1: Foul Ball, location: 2F 0-2: Strikes out swinging
|
|
Pinch Hitting: SHB Scott Robbins
|
0-0: Ball 1-0: Ball 2-0: Fielders Choice at 2nd, 1-6 (Groundball, 13S, EV 63.1 MPH)
|
|
Pinch Hitting: LHB Frank Nelson
|
0-0: Called Strike 0-1: Ball 1-1: Ground out 4-3 (Groundball, 4, EV 107.5 MPH)
|
| Bottom of the 9th over - 0 runs, 0 hits, 0 errors, 1 left on base; Hickory 1 - Lansing 1 |
| TOP OF THE 10TH |
|
Hickory Crawdads batting - Pitching for Lansing Lugnuts : LHP Josh Black
|
|
Pitching: RHP Andres de Leon
|
|
|
Now at 2B: Shunsuke Shiba Inu
|
|
|
Now at 3B: Selam Chimsima
|
|
|
Pinch Hitting: LHB Ben Radach
|
0-0: Ball 1-0: Ball 2-0: Foul Ball, location: 2F 2-1: SINGLE (Line Drive, 56, EV 98.1 MPH)
|
|
Pinch Hitting: LHB Pablo Cardona
|
0-0: Ball 1-0: Ball 2-0: Fly out, F9 (Flyball, 89M, EV 90.6 MPH)
|
|
Batting: LHB Sean Gingrich
|
0-0: Ball Wild Pitch! Ben Radach to second 1-0: Intentional Walk
|
|
Pinch Runner at 2nd David Barnard:
|
|
|
Pinch Hitting: SHB David Simpson
|
0-0: Ball 1-0: Ball 2-0: Foul Ball, location: 2F 2-1: TRIPLE (Flyball, 9LD, EV 108.8 MPH) David Barnard scores Sean Gingrich scores
|
|
Batting: RHB Kevin Whitenack
|
0-0: Intentional Walk
|
|
Batting: RHB Dennis Daniels
|
0-0: Ball 1-0: Grounds into double play, 6-4-3 (Groundball, 6, EV 86.2 MPH)
|
| Top of the 10th over - 2 runs, 2 hits, 0 errors, 1 left on base; Hickory 3 - Lansing 1 |
| BOTTOM OF THE 10TH |
|
Lansing Lugnuts batting - Pitching for Hickory Crawdads : RHP Victor Benitez
|
|
Pitching: RHP Kurt Vitta
|
|
|
Now at 2B: Zach Thomason
|
|
|
Now at 3B: Johannes Gutermuth
|
|
|
Now in LF: Pablo Cardona
|
|
|
Batting: RHB Ricky Carbajal
|
0-0: Swinging Strike 0-1: Foul Ball, location: 2F 0-2: Strikes out swinging
|
|
Batting: LHB Tso-lin Fen
|
0-0: Foul Ball, location: 2F 0-1: Foul Ball, location: 2F 0-2: Ball 1-2: Foul Ball, location: 2F 1-2: Ball 2-2: Ball 3-2: Foul Ball, location: 2F 3-2: Ground out 5-3 (Groundball, 6, EV 100.0 MPH)
|
|
Batting: RHB Gary Wilson
|
0-0: DOUBLE (Groundball, 5L, EV 105.0 MPH)
|
|
Batting: RHB David Cooper
|
0-0: Called Strike 0-1: Ball 1-1: Ball 2-1: Called Strike 2-2: Foul Ball, location: 2F 2-2: Strikes out swinging
|
| Bottom of the 10th over - 0 runs, 1 hit, 0 errors, 1 left on base; Hickory 3 - Lansing 1 |
|